 Dungeon Crawl Stone Soup version 0.28.0 (webtiles) character file.

Game seed: 7341121088179664784

410 GrayStillPlays the Skirmisher (level 6, -2/76 HPs)
             Began as a Demonspawn Fighter on Feb 13, 2022.
             Was an Initiate of Gozag.
             Slain by Pikel (3 damage)
             ... while paralysed by Pikel
             ... on level 4 of the Dungeon.
             The game lasted 00:07:47 (4914 turns).

GrayStillPlays the Skirmisher (Demonspawn Fighter)  Turns: 4914, Time: 00:07:47

Health: -2/76      AC:  9    Str: 18    XL:     6   Next: 58%
Magic:  6/6        EV:  2    Int:  9    God:    Gozag
Gold:   397        SH:  0    Dex: 13    Spells: 5/5 levels left

rFire   . . .      SeeInvis .   a - +0 war axe {axe}
rCold   . . .      Faith    .   c - +0 buckler
rNeg    . . .      Spirit   .   b - +0 scale mail
rPois   .          Reflect  .   (helmet restricted)
rElec   .          Harm     .   (no cloak)
rCorr   +          Rampage  .   (no gloves)
Will    .....                   (no boots)
Stlth   ..........              (no amulet)
HPRegen 0.22/turn               i - ring of resist corrosion
MPRegen 0.10/turn               l - ring of flight

@: paralysed, berserking (expiring), flying
A: antennae 1, rugged brown scales 2
a: Renounce Religion, Potion Petition, Call Merchant, Bribe Branch


You were on level 4 of the Dungeon.
You worshipped Gozag.
Gozag was aware of your devotion.
You visited 1 branch of the dungeon, and saw 4 of its levels.

You collected 397 gold pieces.


Innate Abilities, Weirdness & Mutations

You have a pair of small antennae on your head.
You are mostly covered in rugged brown scales. (AC +2, +5% HP)


   Skills:
 + Level 4.5 Fighting
 + Level 3.5 Axes
 + Level 4.1 Armour
 + Level 4.1 Shields


You had 5 spell levels left.
You didn't know any spells.
Your spell library was empty.

Inventory:

Hand Weapons
 a - a +0 war axe (weapon) {axe}
Missiles
 e - 21 bolts
 f - 75 stones {throwing}
 m - 9 boomerangs (quivered) {throwing}
Armour
 b - a +0 scale mail (worn)
 c - a +0 buckler (worn)
Jewellery
 i - a ring of resist corrosion (left hand)
   (You found it on level 2 of the Dungeon)
 j - a ring of wizardry
   (You took it off a kobold on level 2 of the Dungeon)
 l - a ring of flight (right hand)
   (You found it on level 2 of the Dungeon)
Scrolls
 h - 2 scrolls of vulnerability {unknown}
 n - a scroll of noise {unknown}
 o - 3 scrolls of amnesia {unknown}
 q - 2 scrolls of identify {unknown}
 r - a scroll of holy word {unknown}
Potions
 g - a potion of berserk rage {!q}
 k - 2 potions of brilliance {unknown}
 p - a potion of flight {unknown}
 s - a potion of attraction {unknown}
 t - a potion of curing {unknown}

Dungeon Overview and Level Annotations

Branches:
Dungeon (4/15)
 Temple: D:4-7

Altars:
Gozag
Nemelex Xobeh
Trog

Annotations:
D:3 1 runed translucent door, Crazy Yiuf
D:4 Pikel

#.
#.#.#...........#.#.# #
#.#........#.##.#.#.#
#.#....##.##.##.#.#.#
.##
#............##.#.#.#
.....
#.##.#.##.#####.#o#.#
.....########..#.#.##.#
#.#.#.#
.................#.##.#
#.#.#.#
.........#####.#.#.##.#
#.#$#.# ........#
#.#@#.##.# #.#.#.#
#.....# #.#K#.##.#
#.#.# #.....###
#.#5#.##.# ####.#.#
..##.......###.#5#.##.#
#....#.#
...............#5#
#.####.#
..###.......####.# #.#
#.# .5...##..K.5.....#
#.####.# ...#.
####.......# #......#
.. #. #..#.##.#
########


You could see Pikel and 3 lemures.


Message History

There are monsters nearby!
There are monsters nearby!
The lemure shouts! x2; You hear a shout! x2
Pikel, Merchant of Souls comes into view.
He is wielding a +0 whip of freezing and carrying a wand of paralysis (12).
Pikel moves out of view.
A lemure comes into view.
The lemure shouts!
Pikel zaps a wand.
You resist with some effort.
You closely miss the lemure. The lemure hits you. 😕 HP[-3]
You take 3 damage, and now have 48/51 hp.
You barely miss the lemure.
The lemure hits you but does no damage. x2
You closely miss the lemure. The lemure hits you. 😕 HP[-3]
You take 3 damage, and now have 45/51 hp.
You closely miss the lemure. The lemure hits you. 😕 HP[-1]
You take 1 damage, and now have 44/51 hp.
You slash the lemure! The lemure completely misses you.
The lemure closely misses you.
You barely miss the lemure. You block the lemure's attack.
You closely miss the lemure. The lemure hits you. 😕 HP[-1]
You take 1 damage, and now have 43/51 hp.
You closely miss the lemure. The lemure closely misses you.
You hit Pikel but do no damage. 😕 HP[+1]
You closely miss Pikel. Pikel completely misses you.
Pikel hits you but does no damage.
You hit Pikel. Pikel closely misses you.
You closely miss Pikel. Pikel hits you but does no damage.
You closely miss Pikel. Pikel barely misses you. x2 😕 HP[+1]
You hit Pikel.
Pikel hits you with a +0 whip of freezing.
Pikel freezes you. 😮 HP[-8]
You take 8 damage, and now have 37/51 hp.
You closely miss Pikel. Pikel barely misses you.
You hit Pikel but do no damage.
Pikel hits you with a +0 whip of freezing.
Pikel freezes you.
Pikel zaps a wand.
You resist with some effort. 😮 HP[-5]
You take 5 damage, and now have 32/51 hp.
You closely miss Pikel.
Pikel hits you with a +0 whip of freezing.
Pikel freezes you. 😮 HP[-3]
You take 3 damage, and now have 29/51 hp.
You closely miss Pikel.
Pikel hits you with a +0 whip of freezing!
* * * LOW HITPOINT WARNING * * *
Pikel freezes you.
* * * LOW HITPOINT WARNING * * *
😨 HP[-11]
You take 11 damage, and now have 18/51 hp.
MASSIVE DAMAGE!! (PAUSE)
You closely miss Pikel.
Pikel zaps a wand.
You suddenly lose the ability to move!
Pikel hits you with a +0 whip of freezing.
* * * LOW HITPOINT WARNING * * *
Pikel freezes you.
* * * LOW HITPOINT WARNING * * *
Pikel hits you but does no damage. x2
Pikel hits you with a +0 whip of freezing.
* * * LOW HITPOINT WARNING * * *
Pikel freezes you.
* * * LOW HITPOINT WARNING * * *
Pikel zaps a wand.
You resist with some effort.
You can move again. 😱 HP[-10]
You take 10 damage, and now have 8/51 hp.
Okay, then.
It was a potion of berserk rage.
A red film seems to cover your vision as you go berserk!
You feel yourself moving faster!
You feel mighty!
Pikel hits you with a +0 whip of freezing.
* * * LOW HITPOINT WARNING * * *
Pikel freezes you.
* * * LOW HITPOINT WARNING * * *
😱 HP[-5]
You now have 76 max hp (+25).
You barely miss Pikel. Pikel hits you but does no damage.
You hit Pikel.
Pikel zaps a wand.
You suddenly lose the ability to move!
Pikel hits you with a +0 whip of freezing.
* * * LOW HITPOINT WARNING * * *
Pikel freezes you.
* * * LOW HITPOINT WARNING * * *
Pikel zaps a wand.
You resist with some effort.
Pikel hits you with a +0 whip of freezing.
You die...
Your body crumbles into a pile of gold.

Skill      XL: |  1  2  3  4  5 |
---------------+----------------+-----
Axes           | 2 3 |  3.5
Armour         | 3 4 |  4.1
Shields        | 3 4 |  4.1
Fighting       | 4 |  4.5

Action                   |  1- 3 |  4- 6 || total
-------------------------+-------+-------++-------
Melee: War axe           |    92 |   140 ||   232
Throw: Boomerang         |       |     4 ||     4
  Use: Potion            |       |     2 ||     2
Armor: Scale mail        |    37 |    72 ||   109
Dodge: Dodged            |    36 |    70 ||   106
Block: Buckler           |    22 |    33 ||    55

Levels and vault maps discovered:
D:1:      minmay_arrival_loop, layout_basic, shapermc_ecumenical_altar_petra,
          minmay_surrounded
D:2:      layout_basic
D:3:      layout_loops_ring, mainiacjoe_overflow_concentric_impassable,
          old_standard_altar, grunt_decor_arrowhead, minmay_unequal,
          uniq_crazy_yiuf_cottage, uniq_ijyb
D:4:      layout_basic, minmay_temple_entry_statues_fountains, serial_shops,
          kennysheep_mini_moat, uniq_pikel, uniq_eustachio, uniq_edmund

Notes
Turn   | Place    | Note
-------+----------+-------------------------------------------
     0 | D:1      | GrayStillPlays the Demonspawn Fighter began the quest for
                  | the Orb.
     0 | D:1      | Reached XP level 1. HP: 18/18 MP: 1/1
     0 | D:1      | magus.rc [v1.9.6]
    89 | D:1      | Found a faded altar of an unknown god.
   130 | D:1      | Prayed at the altar of an unknown god.
   130 | D:1      | Became a worshipper of Gozag Ym Sagoz the Greedy
   313 | D:1      | Reached skill level 2 in Axes
   321 | D:1      | Gained mutation: You are partially covered in rugged brown
                  | scales. (AC +1, +3% HP) [demonic ancestry]
   321 | D:1      | Reached XP level 2. HP: 16/24 MP: 2/2
  1201 | D:2      | Reached skill level 3 in Armour
  1201 | D:2      | Reached skill level 3 in Shields
  1201 | D:2      | Reached XP level 3. HP: 10/29 MP: 3/3
  2364 | D:3      | Gained mutation: You have a pair of small antennae on your
                  | head. [demonic ancestry]
  2364 | D:3      | Reached XP level 4. HP: 29/36 MP: 4/4
  2455 | D:3      | Found a bloodstained altar of Trog.
  2462 | D:3      | Noticed Ijyb
  2778 | D:3      | Found a sparkling altar of Nemelex Xobeh.
  2921 | D:3      | Killed Ijyb
  3431 | D:3      | Noticed a necrophage
  3440 | D:3      | Killed a necrophage
  3441 | D:3      | Reached skill level 4 in Fighting
  3441 | D:3      | Reached skill level 3 in Axes
  3441 | D:3      | Reached XP level 5. HP: 37/43 MP: 5/5
  3553 | D:3      | Found a runed translucent door.
  3554 | D:3      | Noticed Crazy Yiuf
  3994 | D:4      | Noticed a lemure
  3994 | D:4      | Noticed a lemure
  4012 | D:4      | Killed a lemure
  4097 | D:4      | Noticed Eustachio
  4181 | D:4      | Killed Eustachio
  4182 | D:4      | Reached skill level 4 in Armour
  4182 | D:4      | Reached skill level 4 in Shields
  4182 | D:4      | Gained mutation: You are mostly covered in rugged brown
                  | scales. (AC +2, +5% HP) [demonic ancestry]
  4182 | D:4      | Reached XP level 6. HP: 33/51 MP: 6/6
  4442 | D:4      | HP: 11/51 [orc (6)]
  4457 | D:4      | HP: 9/51 [orc/boomerang (2)]
  4869 | D:4      | Noticed Pikel
  4904 | D:4      | Paralysed by Pikel for 5 turns
  4904 | D:4      | HP: 11/51 [Pikel (2)]
  4909 | D:4      | HP: 6/76 [Pikel (6)]
  4911 | D:4      | Paralysed by Pikel for 5 turns
  4912 | D:4      | HP: 2/76 [Pikel (2)]
  4914 | D:4      | Slain by Pikel

Vanquished Creatures
  Eustachio (D:4)
  A necrophage (D:3)
  A lemure (D:4)
  Ijyb (D:3)
  8 adders
  4 dart slugs
  5 orcs
  5 ball pythons
  4 bats
  4 endoplasms
  2 giant cockroaches (D:1)
  11 hobgoblins
  A quokka (D:1)
  3 frilled lizards
  6 goblins
  6 kobolds
  6 rats
69 creatures vanquished.

Vanquished Creatures (others)
  An orc wizard (D:4)
  A fungus (D:1)
  A plant (D:1)
3 creatures vanquished.

Grand Total: 72 creatures vanquished

Table legend:
 A = Non-vault XP
 B = Vault XP
 C = Vault XP percentage of total XP
 D = Non-vault monster count
 E = Vault monster count
 F = Vault count percentage of total count
                 A         B        C        D         E       F
            +---------+---------+-------+---------+---------+-------
      Total |     214 |     373 |  63.5 |      60 |       9 |  13.0
            +---------+---------+-------+---------+---------+-------
        D:1 |      19 |      10 |  34.5 |      10 |       6 |  37.5
        D:2 |      61 |       0 |   0.0 |      15 |       0 |   0.0
        D:3 |      67 |     161 |  70.6 |      23 |       2 |   8.0
        D:4 |      67 |     202 |  75.1 |      12 |       1 |   7.7
            +---------+---------+-------+---------+---------+-------

Illustrated notes

Table legend:
 A = Kills in this place as a percentage of kills in entire the game.
 B = Kills by you in this place as a percentage of kills by you in the entire game.
 C = Kills by friends in this place as a percentage of kills by friends in the entire game.
 D = Other kills in this place as a percentage of other kills in the entire game.
 E = Experience gained in this place as a percentage of experience gained in the entire game.
 F = Experience gained in this place divided by the number of levels of this place that you have seen.
                   A       B       C       D       E      F
               +-------+-------+-------+-------+-------+----------------------
         Total | 100.0 | 100.0 |   N/A | 100.0 | 100.0 | 146.8
       Dungeon | 100.0 | 100.0 |   N/A | 100.0 | 100.0 | 146.8
               +-------+-------+-------+-------+-------+----------------------

Table legend: (Time is in decaauts)
 A = Elapsed time spent in this place.
 B = Non-inter-level travel time spent in this place.
 C = Inter-level travel time spent in this place.
 D = Time resting spent in this place.
 E = Time spent auto-exploring this place.
 F = Levels seen in this place.
 G = Mean time per level.
                   A        B        C        D        E       F      G
               +--------+--------+--------+--------+--------+-----+--------+
         Total |   5008 |   4828 |    180 |    139 |   3674 |   4 | 1252.0 |
       Dungeon |   5008 |   4828 |    180 |    139 |   3674 |   4 | 1252.0 |
               +--------+--------+--------+--------+--------+-----+--------+

Top non-repeatable levels by time:
     D:3: 1593 daAuts
     D:1: 1201 daAuts
     D:2: 1176 daAuts
     D:4: 1036 daAuts
